 Dungeon Crawl Stone Soup version 0.20.0-7-g3b7b877 (webtiles) character file.

86 Inarius the Stinger (level 4, 0/33 HPs)
             Began as a Draconian Venom Mage on May 29, 2017.
             Killed from afar by an orc wizard (9 damage)
             ... with a magic dart
             ... on level 3 of the Dungeon.
             The game lasted 00:08:57 (3335 turns).

Inarius the Stinger (Draconian Venom Mage)          Turns: 3335, Time: 00:08:57

Health: 0/33       AC:  5    Str: 11    XL:     4   Next: 27%
Magic:  1/8        EV: 11    Int: 16    God:
Gold:   169        SH:  5    Dex: 11    Spells: 5/8 levels left

rFire    . . .     SeeInvis .   i - +0 short sword
rCold    . . .     Gourm    .   (no shield)
rNeg     . . .     Faith    .   (armour unavailable)
rPois    .         Spirit   .   (helmet restricted)
rElec    .         Reflect  +   (no cloak)
rCorr    .         Harm     .   (no gloves)
MR       .....                  (no boots)
Stlth    +.........             g - +5 amulet of reflection
Regen    0.2/turn               (no ring)
MPRegen  0.2/turn               (no ring)

@: very slightly contaminated, heavily drained
A: unfitting armour, cold-blooded, AC +5
a: no special abilities


You were on level 3 of the Dungeon.
You were hungry.

You visited 1 branch of the dungeon, and saw 3 of its levels.

You collected 169 gold pieces.

Inventory:

Hand Weapons
 i - a +0 short sword (weapon)
Jewellery
 g - a +5 amulet of reflection (around neck)
 j - an uncursed amulet of harm {unknown}
Wands
 o - a wand of lightning (9/15)
Scrolls
 c - a scroll of recharging {unknown}
 e - 3 scrolls of teleportation {unknown}
 f - 4 scrolls of magic mapping {unknown}
 r - a scroll of remove curse {unknown}
Potions
 h - a potion of agility {unknown}
 k - a potion of lignification
 n - a potion of flight
 p - 3 potions of curing {unknown}
 q - a potion of brilliance {unknown}
 s - a potion of mutation {unknown}
 u - a potion of cancellation
Books
 a - a Young Poisoner's Handbook

   Spells                             Type                      Level
   a - Sting                          Conjuration/Poison           1
   b - Poisonous Vapours              Poison/Air                   2
   c - Mephitic Cloud                 Conjuration/Poison/Air       3
   d - Olgreb's Toxic Radiance        Poison                       4
   e - Venom Bolt                     Conjuration/Poison           5
Comestibles
 b - a bread ration
 l - a meat ration
 m - a royal jelly


   Skills:
 + Level 0.2(0.0) Fighting
 - Level 0.2(0.0) Short Blades
 * Level 2.3(0.7) Dodging
 - Level 1.7(0.2) Stealth
 + Level 2.9(1.2) Spellcasting
 * Level 1.6(0.0) Conjurations
 + Level 0.4(0.0) Air Magic
 + Level 3.6(1.9) Poison Magic
 * Level 0.6(0.0) Evocations


You had 5 spell levels left.
You knew the following spells:

 Your Spells              Type           Power        Failure   Level  Hunger
a - Sting                 Conj/Pois      #...         16%         1    ##.....
b - Poisonous Vapours     Pois/Air       #.....       22%         2    ###....


Dungeon Overview and Level Annotations

Branches:
Dungeon (3/15)

Altars:


Innate Abilities, Weirdness & Mutations

Your plain brown scales are hard. (AC +5)
You cannot fit into any form of body armour.
You are cold-blooded and may be slowed by cold attacks.


Message History

A puff of flame appears from out of thin air!
The puff of flame hits you!
Casting: Poisonous Vapours
Confirm with . or Enter, or press ? or * to list all spells.
Aiming: Sting
Press: ? - help, Shift-Dir - straight line, f/p - orc
Aim: an orc, wielding a hand axe (almost dead)
The sting hits the orc.
The orc is poisoned.
You kill the orc!
A magic dart appears from out of thin air!
The magic dart hits you!
* * * LOW HITPOINT WARNING * * *
An orc wizard appears from thin air!
Reactivating autopickup.
Casting: Sting
Confirm with . or Enter, or press ? or * to list all spells.
Okay, then.
The orc wizard casts a spell at you. The magic dart hits you!
You die...

.######.#..........
...).....
.'......##...########
#########
.########....'.......
.. .# #....########
## .# #.#......# .#
#.#.####.####### .#
#.#............. #.
.# #)#..###.#######
.. .#
#..#..@o.....#.# ?.
.# #.<#.#.####.##.#
#.. ##
#..#.#....#.##.#
####..
...#.####.#.##.#
#.....
....#.####.#.##.#
#..)..
....#......#.##.#
#..... ########.##.#
#..... ......).##.#
#..... ##.####....#
#.....


You could see an orc wizard.

Vanquished Creatures
  3 adders
  A worm (D:3)
  2 orcs (D:3)
  2 giant cockroaches (D:2)
  8 goblins
  6 hobgoblins
  6 jackals (D:3)
  4 kobolds
  11 bats
  4 frilled lizards
  5 rats
52 creatures vanquished.

Notes
Turn   | Place    | Note
-------+----------+-------------------------------------------
     0 | D:1      | Inarius the Draconian Venom Mage began the quest for the Orb.
     0 | D:1      | Reached XP level 1. HP: 14/14 MP: 3/3
   741 | D:1      | Reached XP level 2. HP: 20/20 MP: 3/5
   788 | D:1      | Learned a level 2 spell: Poisonous Vapours
  1613 | D:2      | Reached XP level 3. HP: 19/26 MP: 1/6
  2695 | D:3      | Reached XP level 4. HP: 33/33 MP: 5/8
  3335 | D:3      | Killed from afar by an orc wizard

Skill      XL: |  1 |
---------------+----+-----
Dodging        | 2 |  2.3
Fighting       | |  0.2
Short Blades   | |  0.2
Stealth        | |  1.7
Spellcasting   | |  2.9
Conjurations   | |  1.6
Air Magic      | |  0.4
Poison Magic   | |  3.6
Evocations     | |  0.6

Action                   |  1- 3 |  4- 6 || total
-------------------------+-------+-------++-------
Melee: Unarmed           |    13 |       ||    13
       Tailslap          |     5 |     4 ||     9
       Short sword       |    50 |    19 ||    69
 Cast: Sting             |    63 |     7 ||    70
       Poisonous Vapours |    13 |     9 ||    22
  Use: Scroll            |     3 |     1 ||     4
  Eat: Chunk             |     7 |     2 ||     9
Armor: Skin              |    30 |     9 ||    39
Dodge: Dodged            |    65 |    13 ||    78
Block: Other             |    17 |     4 ||    21
